 Dungeon Crawl Stone Soup version 0.31-a0-618-g7ca08c1ff9 (webtiles) character file.

Game seed: 7078416484458856936

89 spiderkeys the Insei (level 4, -1/29 HPs)
             Began as an Octopode Shapeshifter on Aug 22, 2023.
             Killed by nerve-wracking pain
             ... invoked by an orc priest
              (4 damage)
             ... on level 3 of the Dungeon.
             The game lasted 00:03:18 (2145 turns).

spiderkeys the Insei (Octopode Shapeshifter)        Turns: 2145, Time: 00:03:18

Health: -1/29      AC:  1    Str: 14    XL:     4   Next: 55%
Magic:  4/4        EV: 13    Int: 10    God:
Gold:   889        SH:  0    Dex: 14    Spells: 3/3 levels left

rFire   . .          .
                       - Unarmed
rCold   + . .        (no shield)
rNeg    . . .        (helmet currently unavailable)
rPois   .            (no amulet)
rElec   .            C - ring of protection from cold
rCorr   .            (no ring)
SInv    .            (no ring)
Will    .....        (no ring)
Stlth   ++           (no ring)
HPRegen 0.24/turn    (no ring)
MPRegen 0.09/turn    (no ring)
                     (no ring)

%: no passive effects
@: beast-form
A: beast (slay +2), almost no armour, amphibious, 8 rings, camouflage 1,
gelatinous body 1, (nimble swimmer 1), tentacles
a: Begin Untransformation


You were on level 3 of the Dungeon.
You were a hulking beast.
You visited 1 branch of the dungeon, and saw 3 of its levels.

You collected 889 gold pieces.


Innate Abilities, Weirdness & Mutations

You are a hulking beast.
Your limbs bulge with bestial killing power. (Slay +2)
You cannot wear most types of armour.
You are amphibious.
You can wear up to eight rings at the same time.
Your skin changes colour to match your surroundings (Stealth+).
Your rubbery body absorbs attacks. (AC +1, EV +1)
((You are camouflaged when in or above water. (Stealth+)))
You have tentacles for arms and can constrict up to eight enemies at once.


   Skills:
 + Level 2.1 Fighting
 + Level 2.8 Dodging
 + Level 3.7 Unarmed Combat
 + Level 3.5 Shapeshifting


You had 3 spell levels left.
You didn't know any spells.
Your spell library contained the following spells:

 Spells                   Type           Power      Damage    Failure   Level
 Cause Fear               Hex            0%         N/A       98%         4
 Fireball                 Conj/Fire      0%         3d3       100%        5
 Dragon's Call            Summ           0%         N/A       100%        9

Inventory:

Missiles
 f - 17 stones
Jewellery
 C - a ring of protection from cold (left tentacle)
   (You found it on level 2 of the Dungeon)
 F - a ring of fire
   (You found it on level 1 of the Dungeon)
Talismans
 b - a beast talisman (active)
 c - a flux talisman
Scrolls
 e - a scroll of enchant weapon
 i - a scroll of brand weapon {unknown}
 j - a scroll of teleportation {@r4}
 k - a scroll of identify {@r1}
Potions
 a - a potion of lignification {!q}
 d - 2 potions of resistance {unknown}
 g - a potion of heal wounds {unknown}
 h - 3 potions of curing {unknown}

Dungeon Overview and Level Annotations

Branches:
Dungeon (3/15) Zot: 15860

Altars:

#...#..<......###
+$..+..##........
#...#..###.##.###
#.##..# #.##.#
#.....# #.##.#
..#+## #..##.#
#.##.#
#....r###.###.#
#.##.# #.S.#o...#
#.# #.##.#
#....oh### .#
#.##.# #####.o#
.# #.##.### .....
.# #.......
##..### ########
#.. #.. #.. #..


You could see an orc priest, 2 orcs, a ball python and a rat.


Message History

Done exploring.
No target in view!
There is an escape hatch in the floor here.
You see here a +0 club.
There is a stone staircase leading down here.
You climb downwards.
There is a stone staircase leading up here.
h - 2 ruby potions (gained 1)
A bat comes into view.
The bat moves out of view.
A bat is nearby!
No target in view!
No target in view!
No target in view!
No target in view!
No target in view!
h - 3 ruby potions (gained 1)
You closely miss the bat. Your grab misses the bat.
The bat hits you but does no damage.
You closely miss the bat. Your grab misses the bat.
Your squeeze misses the bat. The bat hits you. 😕 HP[-1]
You take 1 damage, and now have 28/29 hp.
A bat is nearby!
A bat is nearby!
You miss the bat. You grab the bat. You squeeze the bat.
You constrict the bat, but do no damage.
The bat completely misses you.
The bat struggles to escape constriction.
The bat escapes! 😎 HP[+1]
Your hp is fully restored (29).
The bat closely misses you.
A bat is nearby!
A bat is nearby!
The bat hits you.
The bat hits you but does no damage. 😕 HP[-1]
You take 1 damage, and now have 28/29 hp.
You tentacle-slap the bat but do no damage.
Your grab misses the bat. The bat closely misses you.
The bat hits you. 😕 HP[-1]
You take 1 damage, and now have 27/29 hp.
You tentacle-slap the bat.
You kill the bat!
No target in view!
You see here a +0 ring mail.
You see here a +0 ring mail.
There is a stone staircase leading up here.
Key pressed, stopping explore.
An orc wizard comes into view. It is wielding a +0 dagger. 😎 HP[+2]
Your hp is fully restored (29).
An orc wizard is nearby!
An orc wizard is nearby!
An orc priest and an orc come into view.
The orc priest shouts!
The orc wizard shouts!
You hear a shout!
An orc comes into view. It is wielding a +0 hand axe.
The orc priest moves out of view.
The orc shouts!
The orc wizard hits you with a +0 dagger. 😕 HP[-2]
You take 2 damage, and now have 27/29 hp.
You bludgeon the orc wizard! Your grab misses the orc wizard.
You squeeze the orc wizard!
You kill the orc wizard!
The orc hits you with a +0 hand axe.
Your Fighting skill increases to level 2! 😕 HP[-5]
You take 5 damage, and now have 22/29 hp.
You tentacle-slap the orc priest. You grab the orc priest.
You constrict the orc priest, but do no damage.
The orc hits you with a +0 club.
The orc priest hits you with a +0 hand axe.
* * * LOW HITPOINT WARNING * * *
The orc barely misses you.
A rat comes into view. 😨 HP[-8]
You take 8 damage, and now have 14/29 hp.
MASSIVE DAMAGE!! (PAUSE)
You tentacle-slap the orc priest. You constrict the orc priest.
A ball python comes into view.
The orc closely misses you.
The orc priest hits you with a +0 hand axe!
* * * LOW HITPOINT WARNING * * *
The orc closely misses you. 😱 HP[-7]
You take 7 damage, and now have 7/29 hp.
MASSIVE DAMAGE!! (PAUSE)
The ball python hisses angrily.
You tentacle-slap the orc priest but do no damage.
You constrict the orc priest, but do no damage.
The orc barely misses you. The orc priest closely misses you.
The orc closely misses you.
You tentacle-slap the orc priest but do no damage.
You constrict the orc priest. The orc misses you.
The orc hits you with a +0 hand axe.
* * * LOW HITPOINT WARNING * * *
The orc priest invokes the aid of Beogh against you.
Pain shoots through your body!
You die...

Skill      XL: |  1  2  3  4 |
---------------+-------------+-----
Fighting       | 2 |  2.1
Dodging        | |  2.8
Unarmed Combat | |  3.7
Shapeshifting  | |  3.5

Action                     |  1- 3 |  4- 6 || total
---------------------------+-------+-------++-------
  Melee: Unarmed           |    81 |    13 ||    94
         Constrict         |    27 |     2 ||    29
         Tentacles         |    10 |     2 ||    12
         Punch             |     2 |       ||     2
    Use: Scroll            |     4 |       ||     4
   Stab: Sleeping          |    10 |       ||    10
 Armour: Skin              |     4 |     2 ||     6
  Dodge: Dodged            |    37 |    10 ||    47

Levels and vault maps discovered:
D:1:      elethiomel_arrival_infinity_welcomes_careful_drivers, layout_basic,
          dreamdust_wishing_well, serial_bayou_pond_b,
          chequers_serial_rivers_micro_a, chequers_serial_rivers_marsh,
          minmay_rat_gold_closets
D:2:      layout_basic, uniq_crazy_yiuf_cottage
D:3:      layout_loops_ring, mainiacjoe_overflow_alcove_2, okawaru_trees_2,
          evilmike_ruin_ashenzari, nemelex_spade_bored_becter,
          hellmonk_ecumenical_altar_run_dry, serial_park_tiny_1, uniq_terence

Notes
Turn   | Place    | Note
-------+----------+-------------------------------------------
     0 | D:1      | spiderkeys the Octopode Shapeshifter began the quest for
                  | the Orb.
     0 | D:1      | Reached XP level 1. HP: 13/13 MP: 1/1
     0 | D:1      | magus.rc [v1.11.6]
   132 | D:1      | Reached XP level 2. HP: 18/18 MP: 2/2
   320 | D:1      | Reached XP level 3. HP: 15/23 MP: 3/3
  1129 | D:1      | Identified a scroll of acquirement
  1130 | D:1      | Acquired 724 gold pieces
  1301 | D:2      | You add the spells Cause Fear, Fireball and Dragon's Call
                  | to your library.
  1680 | D:2      | Reached XP level 4. HP: 29/29 MP: 4/4
  2142 | D:3      | Reached skill level 2 in Fighting
  2143 | D:3      | HP: 7/29 [orc priest/+0 hand axe (7)]
  2145 | D:3      | HP: 3/29 [orc/+0 hand axe (5)]
  2145 | D:3      | Killed from afar by an orc priest

Vanquished Creatures
  An orc wizard (D:3)
  An adder (D:2)
  A dart slug (D:1)
  4 endoplasms (D:1)
  2 giant cockroaches (D:1)
  3 goblins
  4 hobgoblins (D:1)
  4 jackals (D:1)
  3 kobolds (D:1)
  2 quokkas (D:1)
  4 ball pythons
  6 bats
  3 frilled lizards (D:1)
  14 rats
52 creatures vanquished.

Table legend:
 A = Non-vault XP
 B = Vault XP
 C = Vault XP percentage of total XP
 D = Non-vault monster count
 E = Vault monster count
 F = Vault count percentage of total count
                 A         B        C        D         E       F
            +---------+---------+-------+---------+---------+-------
      Total |     106 |      22 |  17.2 |      38 |      14 |  26.9
            +---------+---------+-------+---------+---------+-------
        D:1 |      42 |      22 |  34.4 |      26 |      14 |  35.0
        D:2 |      25 |       0 |   0.0 |      10 |       0 |   0.0
        D:3 |      39 |       0 |   0.0 |       2 |       0 |   0.0
            +---------+---------+-------+---------+---------+-------

Skill      XL: |  1  2  3  4 |
---------------+-------------+-----
Fighting       | 2 |  2.1
Dodging        | |  2.8
Unarmed Combat | |  3.7
Shapeshifting  | |  3.5

Action                     |  1- 3 |  4- 6 || total
---------------------------+-------+-------++-------
  Melee: Unarmed           |    81 |    13 ||    94
         Constrict         |    27 |     2 ||    29
         Tentacles         |    10 |     2 ||    12
         Punch             |     2 |       ||     2
    Use: Scroll            |     4 |       ||     4
   Stab: Sleeping          |    10 |       ||    10
 Armour: Skin              |     4 |     2 ||     6
  Dodge: Dodged            |    37 |    10 ||    47

Illustrated notes

Table legend:
 A = Kills in this place as a percentage of kills in the entire game.
 B = Kills by you in this place as a percentage of kills by you in the entire game.
 C = Kills by friends in this place as a percentage of kills by friends in the entire game.
 D = Other kills in this place as a percentage of other kills in the entire game.
 E = Experience gained in this place as a percentage of experience gained in the entire game.
 F = Experience gained in this place divided by the number of levels of this place that you have seen.
                   A       B       C       D       E      F
               +-------+-------+-------+-------+-------+----------------------
         Total | 100.0 | 100.0 |   N/A |   N/A | 100.0 |  42.7
       Dungeon | 100.0 | 100.0 |   N/A |   N/A | 100.0 |  42.7
               +-------+-------+-------+-------+-------+----------------------

Table legend: (Time is in decaauts)
 A = Elapsed time spent in this place.
 B = Non-inter-level travel time spent in this place.
 C = Inter-level travel time spent in this place.
 D = Time resting spent in this place.
 E = Time spent auto-exploring this place.
 F = Levels seen in this place.
 G = Mean time per level.
                   A        B        C        D        E       F      G
               +--------+--------+--------+--------+--------+-----+--------+
         Total |   2138 |   1975 |    163 |      0 |   1687 |   3 |  712.7 |
       Dungeon |   2138 |   1975 |    163 |      0 |   1687 |   3 |  712.7 |
               +--------+--------+--------+--------+--------+-----+--------+

Top non-repeatable levels by time:
     D:1: 1151 daAuts
     D:2: 925 daAuts
     D:3: 61 daAuts
